AoeStats
← 一剑扫秋风nelson

Oasis

508611334Analyzed
4v4 RM · 8d ago on Sep 23, 2026· 42m 30s· 8 players
Game mode
Random Map
Map size
Large (8 player)
Population
200
Speed
Normal
Resources
Standard
Victory
Conquest
Starting age
Dark Age
Ending age
Imperial Age
RankedLock teamsTeams togetherTeam positionsShared explorationLock speedFull tech treeHidden civsTurbo modeCheats
Victory
Defeat
🇨🇳 Mapuche · China
1964
+7
🇷🇺 Persians · Russia
1889
+10
🇨🇳 Mongols · China
1881
+10
🇹🇼 Persians · Taiwan
1804
+13
🇻🇳 Persians · Vietnam
1838
-13
🇻🇳 Saxons · Vietnam
1743
-10
🇻🇳 Varangians · Vietnam
1738
-10
🇻🇳 Mongols · Vietnam
1648
-7
FUFU
6:52 Loom
9:18 Feudal Age
10:25 Double-Bit Axe
15:08 Fletching
16:19 Padded Archer Armor
21:32 Wheelbarrow
25:38 Castle Age
24:29 Horse Collar
32:47 Town Watch
37:04 Bow Saw
40:06 Imperial Age
37:48 Heavy Plow
38:31 Hand Cart
38:17 Gold Mining
39:46 Gold Shaft Mining
39:58 Bloodlines
39:49 Husbandry
40:25 Scale Barding Armor
40:30 Forging
40:02 Cavalier
41:14 Conscription
41:41 Chain Barding Armor
41:57 Iron Casting
41:28 Savar
43:27 Plate Barding Armor
43:52 Blast Furnace
一剑扫秋风nelson
8:04 Feudal Age
6:21 Loom
9:24 Double-Bit Axe
11:26 Horse Collar
18:24 Castle Age
16:53 Gold Mining
19:12 Heavy Plow
19:23 Bow Saw
21:53 Wheelbarrow
28:22 Imperial Age
26:13 Fletching
27:03 Bodkin Arrow
27:57 Ballistics
27:58 Padded Archer Armor
28:25 Pikeman
28:27 Elite Skirmisher
29:26 Leather Archer Armor
29:12 Scale Mail Armor
30:04 Conscription
29:50 Halberdier
31:05 Chain Mail Armor
33:31 Plate Mail Armor
37:03 Forging
38:49 Crop Rotation
39:39 Chemistry
39:13 Town Watch
41:32 Iron Casting
43:04 Malon
爱人跟人走
9:34 Feudal Age
13:10 Castle Age
11:46 Double-Bit Axe
12:28 Horse Collar
17:16 Loom
17:52 Bow Saw
20:26 Heavy Plow
22:10 Wheelbarrow
23:11 Gold Mining
23:12 Stone Mining
25:40 Gold Shaft Mining
25:41 Stone Shaft Mining
28:28 Imperial Age
26:25 Fletching
27:27 Hand Cart
27:48 Bodkin Arrow
29:08 Ballistics
29:33 Bracer
29:34 Padded Archer Armor
29:15 Capped Ram
30:20 Elite Mangudai
32:09 Conscription
31:20 Siege Ram
32:56 Leather Archer Armor
33:05 Drill
34:49 Chemistry
33:55 Thumb Ring
34:16 Parthian Tactics
33:53 Husbandry
34:03 Bloodlines
34:33 Caravan
35:05 Coinage
36:52 Banking
Eugenius
10:31 Feudal Age
14:13 Castle Age
12:28 Double-Bit Axe
12:55 Horse Collar
14:56 Bow Saw
22:13 Wheelbarrow
22:42 Gold Mining
24:07 Stone Mining
24:41 Hand Cart
24:12 Loom
25:05 Gold Shaft Mining
25:37 Heavy Plow
28:45 Imperial Age
27:19 Stone Shaft Mining
28:15 Scale Barding Armor
28:21 Forging
28:34 Fletching
31:20 Scale Mail Armor
31:43 Chain Barding Armor
31:45 Conscription
30:46 Elite War Elephant
31:46 Forging
31:38 Town Watch
32:54 Two-Man Saw
32:25 Crop Rotation
32:59 Plate Barding Armor
33:10 Bloodlines
33:00 Husbandry
34:00 Iron Casting
34:08 Guilds
34:14 Devotion
35:41 Caravan
37:57 Blast Furnace
38:16 Faith
38:41 Hoardings
41:48 Faith
ĐLucky
9:41 Feudal Age
10:47 Loom
13:45 Castle Age
12:16 Double-Bit Axe
13:19 Horse Collar
20:46 Wheelbarrow
20:28 Bow Saw
21:38 Gold Mining
22:01 Stone Mining
23:02 Heavy Plow
28:01 Imperial Age
25:53 Scale Barding Armor
26:08 Hand Cart
26:25 Forging
26:57 Gold Shaft Mining
28:08 Chain Barding Armor
28:29 Elite War Elephant
29:16 Town Watch
30:18 Plate Barding Armor
31:44 Bloodlines
31:34 Husbandry
32:44 Iron Casting
34:49 Blast Furnace
34:18 Caravan
35:46 Two-Man Saw
35:17 Crop Rotation
35:21 Fletching
36:00 Bodkin Arrow
37:15 Masonry
37:27 Ballistics
38:21 Conscription
39:09 Architecture
39:48 Chemistry
Minh Anh
1:38 Loom
9:36 Feudal Age
10:09 Double-Bit Axe
14:40 Fletching
17:15 Padded Archer Armor
22:36 Castle Age
20:41 Horse Collar
22:34 Gold Mining
22:41 Crossbowman
23:17 Bodkin Arrow
23:33 Bow Saw
26:23 Wheelbarrow
28:16 Heavy Plow
28:51 Stone Mining
35:26 Imperial Age
33:59 Gold Shaft Mining
34:01 Town Watch
34:36 Hand Cart
34:47 Thumb Ring
35:30 Fortified Wall
35:41 Ballistics
35:31 Masonry
36:31 Bracer
38:16 Leather Archer Armor
38:27 Parthian Tactics
39:04 Chemistry
DL-ĐệNhị
6:52 Loom
9:04 Feudal Age
10:54 Bloodlines
11:03 Double-Bit Axe
13:09 Horse Collar
14:21 Wheelbarrow
16:19 Scale Barding Armor
18:38 Forging
21:56 Castle Age
21:42 Gold Mining
23:00 Bow Saw
23:15 Heavy Plow
23:37 Chain Barding Armor
26:04 Husbandry
26:56 Light Cavalry
29:10 Iron Casting
32:33 Hand Cart
32:10 Stone Mining
36:51 Imperial Age
38:11 Plate Barding Armor
37:05 Cavalier
38:55 Fletching
38:44 Elite Skirmisher
40:51 Bodkin Arrow
40:58 Padded Archer Armor
43:31 Blast Furnace
Seohyun de thuong lam ne`
3:52 Loom
10:06 Feudal Age
17:36 Castle Age
16:05 Double-Bit Axe
19:06 Bow Saw
21:13 Horse Collar
24:57 Wheelbarrow
26:53 Gold Mining
30:21 Gold Shaft Mining
33:28 Imperial Age
31:04 Scale Mail Armor
31:14 Forging
32:01 Chain Mail Armor
31:43 Stone Mining
33:32 Squires
33:18 Arson
34:08 Elite Varangian Guard
35:19 Plate Mail Armor
34:12 Shield Wall
35:05 Clerical Recruitment
36:37 Conscription
36:55 Iron Casting
38:13 Sanctity
37:17 Pikeman
38:15 Halberdier
Connection lost

Rejoining the realm…

Still unreachable

The connection could not be restored.

Session expired

The server has moved on; the page needs a fresh start.